 Dungeon Crawl Stone Soup version 0.30.1-11-g7821555f0a (webtiles) character file.

Game seed: 6493942535321785728

217 anacleto the Ruffian (level 5, -2/52 HPs)
             Began as a Troll Gladiator on Dec 17, 2023.
             Slain by a killer bee (4 damage)
             ... on level 4 of the Dungeon.
             The game lasted 00:04:32 (2335 turns).

anacleto the Ruffian (Troll Gladiator)              Turns: 2335, Time: 00:04:33

Health: -2/52      AC:  4    Str: 24    XL:     5   Next: 61%
Magic:  4/4        EV: 10    Int:  4    God:
Gold:   159        SH:  5    Dex: 11    Spells: 4/4 levels left

rFire   . .          .
                       - Unarmed
rCold   . . .        (no shield)
rNeg    . . .        a - +0 robe
rPois   .            b - +0 hat
rElec   .            (no cloak)
rCorr   .            (gloves unavailable)
SInv    .            (boots unavailable)
Will    .....        r - amulet of reflection
Stlth   +            (no ring)
HPRegen 1.08/turn    (no ring)
MPRegen 0.09/turn

%: reflection
@: lethally poisoned (-2 -> -8)
A: large, unfitting armour, claws 3, regeneration 1, shaggy fur 1, tough skin 1
a: no special abilities


You were on level 4 of the Dungeon.
You visited 1 branch of the dungeon, and saw 4 of its levels.

You collected 159 gold pieces.

Inventory:

Missiles
 c - 3 throwing nets (quivered)
 d - a large rock
 n - 4 silver boomerangs
Armour
 a - a +0 robe (worn)
 b - a +0 hat (worn)
Jewellery
 r - an amulet of reflection (around neck)
Wands
 q - a wand of digging (8)
Scrolls
 g - 2 scrolls of identify
 i - a scroll of vulnerability {unknown}
 j - 2 scrolls of teleportation
 l - a scroll of fog {unknown}
 m - a scroll of fear {unknown}
 p - a scroll of brand weapon {unknown}
Potions
 f - a potion of flight {unknown}
 h - 2 potions of mutation
 k - 3 potions of degeneration
 o - a potion of attraction {unknown}


   Skills:
 * Level 2.9 Fighting
 + Level 2.5 Throwing
 + Level 1.5 Armour
 + Level 3.0 Dodging
 * Level 4.2 Unarmed Combat


You had 4 spell levels left.
You didn't know any spells.
Your spell library contained the following spells:

 Spells                   Type           Power      Damage    Failure   Level
 Blink                    Tloc           0%         N/A       65%         2
 Manifold Assault         Tloc           0%         N/A       99%         4
 Storm Form               Tmut/Air       0%         N/A       100%        7


Dungeon Overview and Level Annotations

Branches:
Dungeon (4/15)
 Temple: D:4-7

Altars:
Dithmenos
Kikubaaqudgha
Makhleb


Innate Abilities, Weirdness & Mutations

You are too large for most types of armour.
You have claws for hands.
Your natural rate of healing is unusually fast.
You are covered in fur. (AC +1)
You have tough skin. (AC +1)


Message History

The killer bee buzzes angrily. x2; You hear an angry hiss.
The killer bee stings you!
You are poisoned.
The killer bee poisons you! The killer bee barely misses you.
You block the killer bee's attack.
As you read the scroll of teleportation, it crumbles to dust.
You feel strangely unstable.
You feel sick.
The killer bee stings you but does no damage.
You block the killer bee's attack. The killer bee barely misses you.
You block the killer bee's attack.
You scratch the killer bee but do no damage.
You feel sick. The killer bee completely misses you.
The killer bee closely misses you. x3
You closely miss the killer bee.
You feel sick. The killer bee stings you. x2
You are more poisoned.
The killer bee poisons you! The killer bee barely misses you.
The killer bee stings you. The killer bee stings you!
You scratch the killer bee but do no damage.
You feel sick. The killer bee stings you.
The killer bee stings you but does no damage.
The killer bee barely misses you. The killer bee stings you.
The killer bee barely misses you. The killer bee stings you!
* * * LOW HITPOINT WARNING * * *
The killer bee stings you.
* * * LOW HITPOINT WARNING * * *
You are lethally poisoned!
The killer bee poisons you!
The killer bee stings you but does no damage.
You block the killer bee's attack.
The killer bee stings you but does no damage.
It was a potion of cancellation.
You feel strangely stable.
You feel magically purged.
* * * LOW HITPOINT WARNING * * *
You feel very sick.
The killer bee stings you but does no damage.
The killer bee stings you.
* * * LOW HITPOINT WARNING * * *
The killer bee stings you.
You die...

.w #. #.## #
..##.## #.?#..##.(
####.........
#w.........$.
#yy..........
#@y..........
#yy..........###
#..............#
#...........##.#
#...........#..###
#.................
#.........?.)..y..
##.≈≈≈≈≈≈≈≈≈$..yy.
.....≈..#y##


You could see 5 killer bees and a dart slug.

Vanquished Creatures
  A phantom (D:3)
  A killer bee (D:4)
  Jessica (D:3)
  An adder (D:3)
  2 dart slugs (D:1)
  5 orcs
  7 bats
  3 endoplasms
  6 goblins
  3 hobgoblins
  4 jackals (D:2)
  8 kobolds
  A quokka (D:1)
  8 ball pythons
  A frilled lizard (D:1)
  5 rats
57 creatures vanquished.

Notes
Turn   | Place    | Note
-------+----------+-------------------------------------------
     0 | D:1      | anacleto the Troll Gladiator began the quest for the Orb.
     0 | D:1      | Reached XP level 1. HP: 19/19 MP: 0/0
   208 | D:1      | Reached XP level 2. HP: 28/28 MP: 1/1
   560 | D:1      | Reached XP level 3. HP: 35/35 MP: 2/2
  1517 | D:3      | Noticed a phantom
  1526 | D:3      | Killed a phantom
  1527 | D:3      | Reached skill level 1 in Armour
  1527 | D:3      | Reached XP level 4. HP: 40/44 MP: 3/3
  1889 | D:3      | Found a burning altar of Makhleb.
  1978 | D:3      | Noticed Jessica
  1983 | D:3      | Killed Jessica
  1984 | D:3      | Reached skill level 4 in Unarmed Combat
  1984 | D:3      | Reached XP level 5. HP: 50/50 MP: 4/4
  2281 | D:4      | Found an ancient bone altar of Kikubaaqudgha.
  2289 | D:4      | Found a shadowy altar of Dithmenos.
  2335 | D:4      | HP: 2/52 [killer bee (1)]
  2335 | D:4      | Slain by a killer bee

Illustrated notes

Levels and vault maps discovered:
D:1:      lightli_arrival_statuegarden, layout_basic
D:2:      layout_basic
D:3:      layout_basic, bloody_makhleb, minmay_shallow_snake_nest, uniq_jessica
D:4:      layout_rooms, mainiacjoe_overflow_catwalk_spiral,
          minmay_manual_mandibuliform

Skill      XL: |  1  2  3  4  5 |
---------------+----------------+-----
Fighting       | 2 |  2.9
Throwing       | 2 |  2.5
Armour         | 1 |  1.5
Unarmed Combat | 4 |  4.2
Dodging        | 3 |  3.0

Action                     |  1- 3 |  4- 6 || total
---------------------------+-------+-------++-------
  Melee: Unarmed           |    91 |    43 ||   134
         Punch             |     3 |       ||     3
    Use: Scroll            |       |     4 ||     4
         Potion            |       |     1 ||     1
   Stab: Sleeping          |     1 |     1 ||     2
 Armour: Robe              |    27 |    20 ||    47
  Dodge: Dodged            |    46 |    33 ||    79
  Block: Other             |       |     7 ||     7
